 Dungeon Crawl Stone Soup version 0.31-a0-1-g4198be8af4 (webtiles) character file.

Game seed: 632853694758085360

144 Lobster4 the Trooper (level 5, -3/70 HPs)
             Began as a Hill Orc Fighter on May 2, 2023.
             Was an Initiate of Nemelex Xobeh.
             Succumbed to a kobold brigand's curare-tipped dart
             ... in a sewer.
             The game lasted 00:05:49 (1981 turns).

Lobster4 the Trooper (Hill Orc Fighter)             Turns: 1981, Time: 00:05:49

Health: -3/70      AC: 12    Str: 21    XL:     5   Next: 27%
Magic:  6/6        EV:  6    Int:  8    God:    Nemelex Xobeh [......]
Gold:   117        SH:  4    Dex: 10    Spells: 4/4 levels left

rFire   . . .        a - +0 war axe (chaos)
rCold   . . .        c - +0 buckler
rNeg    . . .        e - +1 plate armour
rPois   .            (no helmet)
rElec   .            (no cloak)
rCorr   .            (no gloves)
SInv    .            (no boots)
Will    .....        (no amulet) Stlth
                     (no ring)
HPRegen 0.31/turn    (no ring)
MPRegen 0.10/turn

%: no passive effects
@: berserking (expiring), lethally poisoned (-3 -> -19), slowed
A: no striking features
a: Renounce Religion, Draw Escape, Draw Destruction, Draw Summoning


You were in a sewer.
You worshipped Nemelex Xobeh.
Nemelex Xobeh was noncommittal.
You visited 1 branch of the dungeon, and saw 4 of its levels.
You also visited: Sewer.

You collected 117 gold pieces.

Inventory:

Hand Weapons
 a - a +0 war axe of chaos (weapon)
 b - a +0 sling
Missiles
 f - 40 stones
 p - 8 poisoned darts
 v - 5 boomerangs (quivered)
Armour
 c - a +0 buckler (worn)
 e - a +1 plate armour (worn)
 r - a +0 scale mail
Scrolls
 q - 2 scrolls of teleportation
 u - a scroll of enchant weapon {unknown}
 w - 2 scrolls of identify {unknown}
Potions
 d - 2 potions of might
 h - a potion of berserk rage
 i - 2 potions of ambrosia {unknown}
 j - 2 potions of resistance {unknown}
 l - a potion of curing {unknown}
 o - a potion of magic {unknown}
 t - a potion of invisibility {unknown}
 z - a potion of mutation {unknown}


   Skills:
 + Level 4.4 Fighting
 + Level 3.8 Axes
 + Level 1.2 Throwing
 + Level 4.1 Armour
 + Level 4.0 Shields
 + Level 1.4 Invocations


You had 4 spell levels left.
You didn't know any spells.
Your spell library contained the following spells:

 Spells                   Type           Power      Damage    Failure   Level
 Apportation              Tloc           0%         N/A       100%        1
 Necrotise                Necr           0%         1d4       100%        1
 Shock                    Conj/Air       0%         1d3       100%        1
 Summon Small Mammal      Summ           0%         N/A       100%        1
 Blink                    Tloc           0%         N/A       100%        2
 Lesser Beckoning         Tloc           0%         N/A       100%        2
 Momentum Strike          Conj/Tloc      0%         3d8       100%        2
 Gell's Gravitas          Tloc           0%         N/A       100%        3
 Summon Guardian Golem    Hex/Summ       0%         N/A       100%        3
 Swiftness                Air            0%         N/A       100%        3
 Teleport Other           Tloc           0%         N/A       100%        3
 Airstrike                Air            0%         2d(0-16)  100%        4
 Summon Forest            Summ/Tloc      0%         N/A       100%        5
 Eringya's Noxious Bog    Tmut/Pois      0%         N/A       100%        6
 Orb of Destruction       Conj           0%         9d5       100%        7
 Spellforged Servitor     Conj/Summ      0%         N/A       100%        7
 Summon Hydra             Summ           0%         N/A       100%        7


Dungeon Overview and Level Annotations

Branches:
Dungeon (4/15)             Temple (0/1) D:4           Sewer (1/1)

Altars:
Nemelex Xobeh
Okawaru
Ru
Sif Muna
Yredelemnul
The Shining One

Annotations:
D:3 1 runed translucent door, oldplebian's ghost, weakling DsNe


Message History

Moving in this stuff is going to be slow.
A kobold brigand comes into view.
It is wielding a +0 short sword and quivering curare-tipped darts.
Found a scroll labelled POH GYEHASUEHI.
The kobold brigand throws a curare-tipped dart.
The curare-tipped dart hits you.
You are poisoned.
You have difficulty breathing.
You feel yourself slow down.
You feel extremely sick.
The kobold brigand throws a curare-tipped dart.
The curare-tipped dart barely misses you.
You feel very sick.
The kobold brigand throws a curare-tipped dart.
The curare-tipped dart hits you.
You are more poisoned.
You have difficulty breathing.
You feel as though you will be slow longer.
You feel very sick.
It was a potion of berserk rage.
A red film seems to cover your vision as you go berserk!
You feel yourself moving faster!
You feel mighty!
You feel very sick.
The kobold brigand throws a curare-tipped dart.
The curare-tipped dart hits you.
You are lethally poisoned!
You have difficulty breathing.
* * * LOW HITPOINT WARNING * * *
You feel as though you will be slow longer.
You are too berserk!
You feel a strong urge to attack something.
* * * LOW HITPOINT WARNING * * *
You feel extremely sick.
You enter the shallow water.
Moving in this stuff is going to be slow.
* * * LOW HITPOINT WARNING * * *
You feel very sick.
The kobold brigand throws a curare-tipped dart.
The curare-tipped dart barely misses you.
You feel your anger nearly subside.
You die...
Your body disappears without a glow.

#~#~#~#~# #~ ~#~
~# #~#~#~#~#
~#~#~#~#
#.~.#~~~# ~~. ~.~
##~###~## #~# #~#
#~# #†# #~# #~#
#~###.# #~###~#
#~~~~~# #~~~~~#
##~.~## ##K~†##
#.~~# #@~.# #.~~#
#~~.# #.~.##
##...# #~~..##
##..~.#
#~~~~~#####..~~~#
##~~~~~~~~~....##
###~.~~~~~~.###
##...~...## .
##~~...~~##


You could see a kobold brigand.

Vanquished Creatures
  Jessica (D:3)
  2 adders
  2 river rats
  A worm (Sewer)
  A dart slug (D:2)
  5 orcs
  9 endoplasms
  5 giant cockroaches
  4 goblins
  5 hobgoblins
  12 jackals
  2 kobolds
  3 quokkas (D:4)
  4 ball pythons
  2 bats
  2 frilled lizards
  2 rats
62 creatures vanquished.

Vanquished Creatures (collateral kills)
  A quokka (D:4)
1 creature vanquished.

Vanquished Creatures (others)
  2 withered plants (D:3)
2 creatures vanquished.

Grand Total: 65 creatures vanquished

Notes
Turn   | Place    | Note
-------+----------+-------------------------------------------
     0 | D:1      | Lobster4 the Hill Orc Fighter began the quest for the Orb.
     0 | D:1      | Reached XP level 1. HP: 19/19 MP: 1/1
   226 | D:1      | Reached XP level 2. HP: 27/27 MP: 2/2
   774 | D:2      | Reached XP level 3. HP: 32/33 MP: 3/3
  1306 | D:3      | Found a basalt altar of Yredelemnul.
  1308 | D:3      | Found an iron altar of Okawaru.
  1310 | D:3      | Found a sparkling altar of Nemelex Xobeh.
  1310 | D:3      | Found a sacrificial altar of Ru.
  1311 | D:3      | Found a shimmering blue altar of Sif Muna.
  1312 | D:3      | Found a glowing golden altar of the Shining One.
  1356 | D:3      | Became a worshipper of Nemelex Xobeh the Trickster
  1432 | D:3      | Found a runed translucent door.
  1433 | D:3      | Noticed oldplebian's ghost (weakling DsNe)
  1468 | D:3      | Noticed Jessica
  1481 | D:3      | Killed Jessica
  1482 | D:3      | Reached XP level 4. HP: 37/40 MP: 4/4
  1662 | D:4      | Reached skill level 1 in Invocations
  1669 | D:4      | Reached skill level 1 in Throwing
  1792 | D:4      | Reached XP level 5. HP: 45/47 MP: 5/5
  1805 | D:4      | Found a glowing drain.
  1809 | Sewer    | Entered a sewer
  1967 | Sewer    | Noticed a kobold brigand
  1980 | Sewer    | HP: 3/70 [poisoned by a kobold brigand (curare-tipped
                  | dart)]
  1981 | Sewer    | Succumbed to a kobold brigand's curare-tipped dart

Illustrated notes

Levels and vault maps discovered:
D:1:      beargit_arrival_greenhouse, layout_rooms
D:2:      layout_loops_cross
D:3:      layout_basic, grunt_temple_overflow_open, gammafunk_ghost_grave,
          uniq_jessica
D:4:      layout_rooms, minmay_temple_entry_statues_fountains,
          gup_sewer_entry_spiral
Sewer:    sewer_co_tree

Skill      XL: |  1  2  3  4  5 |
---------------+----------------+-----
Axes           | 3 |  3.8
Fighting       | 4 |  4.4
Invocations    | 1 |  1.4
Throwing       | 1 |  1.2
Armour         | 4 |  4.1
Shields        | 4 |  4.0

Action                     |  1- 3 |  4- 6 || total
---------------------------+-------+-------++-------
  Melee: War axe           |   112 |    61 ||   173
    Use: Scroll            |       |     8 ||     8
         Potion            |       |     1 ||     1
 Armour: Plate armour      |    85 |    34 ||   119
  Dodge: Dodged            |    32 |    21 ||    53
  Block: Buckler           |    28 |    18 ||    46

Table legend: (Time is in decaauts)
 A = Elapsed time spent in this place.
 B = Non-inter-level travel time spent in this place.
 C = Inter-level travel time spent in this place.
 D = Time resting spent in this place.
 E = Time spent auto-exploring this place.
 F = Levels seen in this place.
 G = Mean time per level.
                   A        B        C        D        E       F      G
               +--------+--------+--------+--------+--------+-----+--------+
         Total |   2100 |   2056 |     44 |      0 |   1449 |   5 |  420.0 |
       Dungeon |   1889 |   1845 |     44 |      0 |   1306 |   4 |  472.2 |
         Sewer |    210 |    210 |      0 |      0 |    142 |   1 |  210.0 |
               +--------+--------+--------+--------+--------+-----+--------+

Top non-repeatable levels by time:
     D:2: 670 daAuts
     D:3: 611 daAuts
     D:1: 413 daAuts
   Sewer: 210 daAuts
     D:4: 194 daAuts
